 Dungeon Crawl Stone Soup version 0.28.0 (webtiles) character file.

Game seed: 6688586523037484747

212 mkm the Cudgeller (level 5, 0/47 HPs)
             Began as a Minotaur Berserker on Feb 9, 2022.
             Was a Priest of Trog.
             Slain by a gnoll (3 damage)
             ... on level 4 of the Dungeon.
             The game lasted 00:10:07 (3350 turns).

mkm the Cudgeller (Minotaur Berserker)              Turns: 3350, Time: 00:10:07

Health: 0/47       AC: 12    Str: 19 (22) XL:     5   Next: 58%
Magic:  4/4        EV:  6    Int:  2 (4)  God:    Trog [***...]
Gold:   95         SH:  0    Dex:  9 (11) Spells: 4/4 levels left

rFire   . . .      SeeInvis .   a - +0 mace
rCold   . . .      Faith    .   (no shield)
rNeg    . . .      Spirit   .   d - +1 plate armour
rPois   .          Reflect  .   (helmet restricted)
rElec   .          Harm     .   (no cloak)
rCorr   .          Rampage  .   (no gloves)
Will    .....                   (no boots)
Stlth   ..........              (no amulet)
HPRegen 0.15/turn               (no ring)
MPRegen 0.09/turn               (no ring)

@: no status effects
A: horns 2, retaliatory headbutt
a: Renounce Religion, Berserk, Trog's Hand


You were on level 4 of the Dungeon.
You worshipped Trog.
Trog was most pleased with you.
You visited 1 branch of the dungeon, and saw 4 of its levels.

You collected 95 gold pieces.

Inventory:

Hand Weapons
 a - a +0 mace (weapon)
 i - a +0 hand axe
Armour
 b - a +0 animal skin
 d - a +1 plate armour (worn)
Jewellery
 f - a +6 ring of intelligence
Scrolls
 c - a scroll of enchant armour
 g - a scroll of brand weapon {unknown}
 h - a scroll of magic mapping {unknown}
 m - a scroll of silence {unknown}
Potions
 e - a potion of heal wounds {unknown}
 j - 3 potions of degeneration
 l - a potion of curing {unknown}
 n - a potion of brilliance {unknown}


   Skills:
 + Level 4.8 Fighting
 + Level 6.1 Maces & Flails
 + Level 3.6 Armour
 + Level 2.5 Dodging
 + Level 0.3 Stealth


You had 4 spell levels left.
You didn't know any spells.
Your spell library was empty.

Dungeon Overview and Level Annotations

Branches:
Dungeon (4/15)             Temple (0/1) D:4

Altars:
Wu Jian

Shops:
D:2 =


Innate Abilities, Weirdness & Mutations

You have a pair of horns on your head.
You reflexively headbutt those who attack you in melee.


Message History

The gnoll hits you from afar with a +2 spear of venom.
You are poisoned.
You feel sick. The scorpion stings you.
Okay, then.
You feel sick.
You feel sick.
You feel sick.
You feel sick.
You are no longer poisoned.
The scorpion stings you but does no damage.
The scorpion stings you.
You are poisoned.
The scorpion poisons you!
You feel very sick.
The gnoll hits you from afar with a +0 halberd.
You feel sick.
You feel sick.
The gnoll hits you from afar with a +0 halberd.
* * * LOW HITPOINT WARNING * * *
It was a potion of degeneration.
There was something very wrong with that liquid.
You feel weakened.
You feel dopey.
You feel clumsy.
You feel sick.
The scorpion stings you but does no damage.
The gnoll completely misses you.
The gnoll hits you from afar with a +2 spear of venom.
* * * LOW HITPOINT WARNING * * *
The scorpion stings you but does no damage.
You feel sick.
You feel sick.
You feel sick.
You feel sick.
The scorpion stings you but does no damage.
You feel sick.
You feel sick.
You are no longer poisoned.
There is a stone staircase leading down here.
The gnoll is no longer moving quickly.
The gnoll hits you from afar with a +0 halberd.
You die...

##.......##.......
##.....###.......
#.....g###....#.#
##....g.....#.. .. #..##g†....##
.. #..##.......## ..# ##### ###
##..g#....#..# ###...
#.#.###.#####.s#...##..###..)#.
##.#..#........@...###..#...#...
#.....#..#....[.....#.....#...#.
#.....<..#..........#.#.....#...
###.......#...........###.....#.
##..#..###...###....# #..#....
#...#..##....###....###......#
#...#..(......#......######...
###.###.####.....#.)## ##.....
... #.####...####.####......


You could see a gnoll shaman, a scorpion and 3 gnolls.

Vanquished Creatures
  A necrophage (D:4)
  5 adders
  A worm (D:4)
  4 dart slugs
  2 orcs (D:3)
  7 bats
  8 endoplasms
  5 giant cockroaches
  5 goblins
  3 hobgoblins
  2 jackals (D:3)
  3 quokkas
  6 ball pythons
  7 frilled lizards
  5 kobolds
  6 rats
70 creatures vanquished.

Vanquished Creatures (others)
  A ball python (D:1)
1 creature vanquished.

Grand Total: 71 creatures vanquished

Notes
Turn   | Place    | Note
-------+----------+-------------------------------------------
     0 | D:1      | mkm the Minotaur Berserker began the quest for the Orb.
     0 | D:1      | Reached XP level 1. HP: 19/19 MP: 0/0
   376 | D:1      | Reached skill level 4 in Maces & Flails
   378 | D:1      | Reached XP level 2. HP: 27/27 MP: 1/1
   977 | D:2      | Reached ** piety under Trog
   978 | D:2      | Reached XP level 3. HP: 31/33 MP: 2/2
  1067 | D:2      | Found an ornate altar of the Wu Jian Council.
  1351 | D:2      | Found a faded altar of an unknown god.
  1571 | D:2      | Found Aleregao's Jewellery Boutique.
  1745 | D:2      | Reached XP level 4. HP: 41/41 MP: 3/3
  2265 | D:3      | Reached skill level 5 in Maces & Flails
  3172 | D:4      | Reached *** piety under Trog
  3186 | D:4      | Noticed a necrophage
  3195 | D:4      | Killed a necrophage
  3196 | D:4      | Reached skill level 6 in Maces & Flails
  3196 | D:4      | Reached XP level 5. HP: 40/47 MP: 4/4
  3271 | D:4      | Found a staircase to the Ecumenical Temple.
  3350 | D:4      | Slain by a gnoll

Illustrated notes

Levels and vault maps discovered:
D:1:      psy_arrival_heroes, layout_basic, glass_columns_a
D:2:      layout_basic, chequers_ecumenical_altar_simple, basic_altar,
          serial_shops, shop, minmay_vboxes
D:3:      layout_basic, nrook_uturn
D:4:      layout_cave_pools, minmay_temple_entry_sparse_star, dk_vineyard_1,
          uniq_grinder

Skill      XL: |  1  2  3  4 |
---------------+-------------+-----
Maces & Flails | 4 6 |  6.1
Fighting       | 4 |  4.8
Armour         | 3 |  3.6
Dodging        | |  2.5
Stealth        | |  0.3

Action                   |  1- 3 |  4- 6 || total
-------------------------+-------+-------++-------
Melee: Mace              |    95 |    61 ||   156
       Headbutt          |     8 |     8 ||    16
       Punch             |     1 |       ||     1
  Use: Scroll            |     1 |     1 ||     2
       Potion            |       |     1 ||     1
Armor: Animal skin       |     4 |       ||     4
       Plate armour      |    62 |    31 ||    93
Dodge: Dodged            |    47 |    14 ||    61
